 Dungeon Crawl Stone Soup version 0.29.1-2-gbd0b4ee654 (webtiles) character file.

Game seed: 8929266503893234734

89 croobank the Conjurer (level 4, -1/32 HPs)
             Began as a Demonspawn Conjurer on Nov 29, 2022.
             Slain by a water moccasin (8 damage)
             ... in a sewer.
             The game lasted 00:14:59 (2333 turns).

croobank the Conjurer (Demonspawn Conjurer)         Turns: 2333, Time: 00:14:59

Health: -1/32      AC:  3    Str: 11    XL:     4   Next: 31%
Magic:  1/7        EV: 12    Int: 20    God:
Gold:   118        SH:  0    Dex: 11    Spells: 1/8 levels left

rFire   . . .      SeeInvis .   e - +0 scimitar
rCold   . . .      Faith    .   (no shield)
rNeg    . . .      Spirit   .   a - +0 robe
rPois   .          Reflect  .   (helmet restricted)
rElec   .          Harm     .   (no cloak)
rCorr   .          Rampage  .   (no gloves)
Will    .....                   (no boots)
Stlth   ++........              (no amulet)
HPRegen 0.10/turn               (no ring)
MPRegen 0.10/turn               (no ring)

@: hasted, very quick
A: horns 1, shaggy fur 1, strong 1
a: no special abilities


You were in a sewer.
You visited 1 branch of the dungeon, and saw 3 of its levels.
You also visited: Sewer.

You collected 118 gold pieces.

Inventory:

Hand Weapons
 e - a +0 scimitar (weapon)
 f - a +1 dagger
 j - a +0 rapier
Missiles
 c - 5 poisoned darts (quivered)
 n - 6 javelins
Armour
 a - a +0 robe (worn)
 g - a +0 buckler
 k - a +0 leather armour
 o - a scarf of shadows
Jewellery
 l - a +6 ring of dexterity
Potions
 h - a potion of degeneration {unknown}
 m - a potion of lignification {unknown}
 p - a potion of might {unknown}
 q - a potion of mutation


   Skills:
 + Level 1.2 Fighting
 + Level 2.3 Dodging
 + Level 2.5 Stealth
 + Level 2.6 Spellcasting
 + Level 4.3 Conjurations
 + Level 0.9 Fire Magic


You had one spell level left.
You knew the following spells:

 Your Spells              Type           Power      Damage    Failure   Level
a - Magic Dart            Conj           80%        1d7       2%          1
b - Searing Ray           Conj           40%        2d5       3%          2
c - Foxfire               Conj/Fire      52%        2x1d6     4%          1
d - Dazzling Flash        Conj/Hex       22%        N/A       19%         3

Your spell library contained the following spells:

 Spells                   Type           Power      Damage    Failure   Level
 Conjure Flame            Conj/Fire      13%        6-21      16%         3
 Inner Flame              Hex/Fire       4%         N/A       36%         3
 Flame Wave               Conj/Fire      13%        2d6       45%         4
 Fulminant Prism          Conj/Hex       5%         3d7       52%         4
 Iskenderun's Mystic Bla  Conj/Tloc      11%        2d4       52%         4


Dungeon Overview and Level Annotations

Branches:
Dungeon (3/15)              Sewer (1/1)

Altars:


Innate Abilities, Weirdness & Mutations

You have a pair of small horns on your head.
You are covered in fur. (AC +1)
Your muscles are strong. (Str +4, Int/Dex -1)


Message History

The foxfire hits the water moccasin but does no damage.
The water moccasin is lightly wounded.
The foxfire hits the water moccasin.
The water moccasin is moderately wounded.
The water moccasin misses you. The water moccasin bites you.
Casting: Searing Ray (safe; 3% risk of failure)
Confirm with . or Enter, or press ? or * to list all spells.
You don't have enough magic to cast this spell.
Unknown command.
Your foxfire dissipates!
You aren't carrying any scrolls.
Okay, then.
It was a potion of mutation.
You feel extremely strange. Fur sprouts all over your body.
You feel stronger. The water moccasin closely misses you.
The water moccasin bites you but does no damage.
Okay, then.
You aren't carrying any scrolls.
Casting: Searing Ray (safe; 3% risk of failure)
Confirm with . or Enter, or press ? or * to list all spells.
Okay, then.
Okay, then.
You feel yourself speed up. The water moccasin bites you.
Okay, then.
e - a +0 scimitar (weapon)
You hit the water moccasin but do no damage.
You headbutt the water moccasin, but do no damage.
Your punch misses the water moccasin.
The water moccasin is moderately wounded.
The water moccasin closely misses you. The water moccasin barely misses you.
You hit the water moccasin but do no damage.
You headbutt the water moccasin.
The water moccasin is moderately wounded.
The water moccasin bites you.
* * * LOW HITPOINT WARNING * * *
You slash the water moccasin!
Your headbutt misses the water moccasin.
The water moccasin is heavily wounded.
The water moccasin bites you!
You die...

#.......# .......
..... ... #######
#.# ##.....## #!#
##...≈...## #.#
##...≈≈≈...#######.#
#∩∩.≈≈≈≈≈.......@S.#
##...≈≈≈...#######.#
##...≈...## #.#
##.....## #.#
####### #.# #.# #.#
#∩# ###


You could see a water moccasin.

Vanquished Creatures
  2 adders
  A river rat (D:3)
  2 dart slugs
  7 ball pythons
  6 bats
  5 endoplasms
  3 giant cockroaches
  3 goblins
  8 hobgoblins
  2 kobolds (D:2)
  3 quokkas
  3 frilled lizards
  8 rats
53 creatures vanquished.

Vanquished Creatures (others)
  100 foxfires
100 creatures vanquished.

Grand Total: 153 creatures vanquished

Notes
Turn   | Place    | Note
-------+----------+-------------------------------------------
     0 | D:1      | croobank the Demonspawn Conjurer began the quest for the
                  | Orb.
     0 | D:1      | Reached XP level 1. HP: 13/13 MP: 3/3
   387 | D:1      | Gained mutation: You have a pair of small horns on your
                  | head. [demonic ancestry]
   387 | D:1      | Reached XP level 2. HP: 19/19 MP: 1/5
   390 | D:1      | Learned a level 2 spell: Searing Ray
   464 | D:1      | Learned a level 1 spell: Foxfire
   997 | D:2      | Reached XP level 3. HP: 25/25 MP: 3/6
  1692 | D:3      | Reached skill level 1 in Fighting
  1835 | D:3      | Learned a level 3 spell: Dazzling Flash
  1910 | D:3      | Reached XP level 4. HP: 22/32 MP: 0/7
  2268 | D:3      | Found a glowing drain.
  2278 | Sewer    | Entered a sewer
  2316 | Sewer    | Noticed a water moccasin
  2328 | Sewer    | Gained mutation: You are covered in fur. (AC +1) [potion of
                  | mutation]
  2328 | Sewer    | Gained mutation: Your muscles are strong. (Str +4, Int/Dex
                  | -1) [potion of mutation]
  2333 | Sewer    | Slain by a water moccasin

Illustrated notes

Levels and vault maps discovered:
D:1:      lemuel_arrival_hallway, layout_rooms, minmay_curled_crystal,
          minmay_pentomino_p4
D:2:      layout_basic
D:3:      layout_rooms, pf_just_have_faith, serial_shops, shop,
          portal_sewer_entry_b
Sewer:    sewer_big_baddie

Skill      XL: |  1  2  3 |
---------------+----------+-----
Stealth        | 2 |  2.5
Dodging        | 2 |  2.3
Fighting       | 1 |  1.2
Spellcasting   | |  2.6
Conjurations   | |  4.3
Fire Magic     | |  0.9

Action                   |  1- 3 |  4- 6 || total
-------------------------+-------+-------++-------
Melee: Unarmed           |     8 |       ||     8
       Dagger            |    20 |    10 ||    30
       Headbutt          |     3 |     2 ||     5
       Punch             |     1 |       ||     1
       Scimitar          |       |     3 ||     3
Throw: Boomerang         |     2 |     3 ||     5
       Dart              |       |     2 ||     2
 Cast: Magic Dart        |    27 |       ||    27
       Foxfire           |    47 |    11 ||    58
       Searing Ray       |       |     2 ||     2
  Use: Potion            |     1 |     5 ||     6
       Scroll            |     5 |       ||     5
 Stab: Sleeping          |     4 |       ||     4
Armor: Robe              |     8 |     2 ||    10
Dodge: Dodged            |    17 |    20 ||    37
